 Dungeon Crawl Stone Soup version 0.17-a0-1945-gfe993df (webtiles) character file.

1 ololoev the Skirmisher (level 1, 16/16 HPs)
             Began as a High Elf Fighter on Sept 30, 2015.
             Was a Follower of Sif Muna.
             Quit the game on level 2 of the Dungeon.
             The game lasted 00:00:29 (44 turns).

ololoev the Skirmisher (High Elf Fighter)             Turns: 44, Time: 00:00:29

Health: 16/16      AC:  6    Str: 15    XL:     1   Next: 16%
Magic:  2/2        EV:  6    Int: 11    God:    Sif Muna [*.....]
Gold:   0          SH:  8    Dex: 14    Spells: 0 memorised, 0 levels left

rFire  . . .     SeeInvis .     a - +0 long sword
rCold  . . .     Clarity  .     b - +0 scale mail
rNeg   . . .     SustAt   .     c - +0 shield
rPois  .         Gourm    .     (no helmet)
rElec  .         Spirit   .     (no cloak)
rCorr  .         Warding  .     (no gloves)
rMut   .         Stasis   .     (no boots)
MR     .....                    (no amulet)
Stlth  ..........               (no ring)
                                (no ring)

@: not resistant to hostile enchantments, extremely unstealthy
A: no striking features
a: Channel Energy, Renounce Religion

Inventory:

Hand weapons
 a - a +0 long sword (weapon)
Armour
 b - a +0 scale mail (worn)
 c - a +0 shield (worn)
Potions
 d - a potion of might
Comestibles
 e - a bread ration
 f - 2 fruits


   Skills:
 + Level 3.0 Fighting
 * Level 2.6 Long Blades
 + Level 2.6 Armour
 - Level 2.6 Shields


You couldn't memorise any spells.
You didn't know any spells.


You were on level 2 of the Dungeon.
You worshipped Sif Muna.
Sif Muna was aware of your devotion.
You were not hungry.

You visited 1 branch of the dungeon, and saw 2 of its levels.

..# .. #... #. #.
#... ..
#.##..####.# ..
#.##../....#.#
#.##.........
####.##...#..#
#...<##..#@#
##.##...$g...#...#
.................#
#......<...##..#.#
..........##
#.#... #..#......#
.# #.# #.........#
.# .# #.........#
.# # #?.........

Notes
Turn   | Place    | Note
--------------------------------------------------------------
     0 | D:1      | ololoev the High Elf Fighter began the quest for the Orb.
     0 | D:1      | Reached XP level 1. HP: 16/16 MP: 2/2
    37 | D:2      | Found a faded altar to an unknown god.
    44 | D:2      | Became a worshipper of Sif Muna the Loreminder
    44 | D:2      | Acquired Sif Muna's first power
    44 | D:2      | Quit the game

Dungeon Overview and Level Annotations

Branches:
Dungeon (2/15)

Altars:
Sif Muna


Message History

Will you be the one to retrieve the fabulous Orb of Zot from the depths?
Press ? for a list of commands and other information.
Found 2 fruits.
Found a staircase leading out of the dungeon.
f - a fruit
There is a staircase leading out of the dungeon here.
f - 2 fruits (gained 1)
Found 13 stones.
Found a stone staircase leading down.
A goblin comes into view. It is wielding a dagger of holy wrath.
The goblin shouts!
Found 19 arrows of flame.
You hit the goblin.
The goblin is heavily wounded.
You block the goblin's attack.
Your shield and scale mail prevent you from hitting the goblin.
The goblin is heavily wounded.
The goblin hits you but does no damage.
You hit the goblin.
You kill the goblin!
Things that are here:
a dagger of holy wrath; a goblin corpse A ball python comes into view.
A hobgoblin comes into view.
The hobgoblin shouts!
There is a stone staircase leading down here.
You climb downwards.
A hobgoblin comes into view.
The hobgoblin shouts!
Found 14 gold pieces, 2 scrolls labeled HIKAUGONACW and a lead wand.
Found a faded altar to an unknown god.
Found a stone staircase leading up.
There is a stone staircase leading up here.
There is a faded altar to an unknown god here.
This altar will convert you to a god.
You cannot discern which.
Do you pray?
Okay, then.
Unknown command.
This altar will convert you to a god.
You cannot discern which.
Do you pray? Sif Muna accepts your prayer! Sif Muna welcomes you!
You can now tap ambient magical fields.
Are you sure you want to abandon this character and quit the game? (Confirm with "yes".)

You could see a hobgoblin.

Vanquished Creatures
  A goblin (D:1)
1 creature vanquished.

Action                   || total
-------------------------++-------
Melee: Long sword        ||     3

Vault maps used:
D:1:      dpeg_arrival_orchard
D:2:      grunt_gozag_breadcrumbs, fiery_altar_vehumet, ecumenical_altar_1,
          uniq_sigmund, uniq_iyjb, uniq_crazy_yiuf_cottage
